 Dungeon Crawl Stone Soup version 0.21-a0-529-g8c7b3f5 (webtiles) character file.

256 Amnesiac the Chucker (level 6, -11/62 HPs)
             Began as an Ogre Arcane Marksman on Dec 11, 2017.
             Mangled by an ogre
             ... wielding a +0 giant club
              (23 damage)
             ... on level 4 of the Dungeon.
             The game lasted 00:09:45 (2614 turns).

Amnesiac the Chucker (Ogre Arcane Marksman)         Turns: 2614, Time: 00:09:46

Health: -11/62     AC:  3    Str: 15    XL:     6   Next: 15%
Magic:  6/9        EV: 10    Int: 15    God:
Gold:   50         SH:  0    Dex: 10    Spells: 6/9 levels left

rFire    . . .     SeeInvis .   v - +0 trident
rCold    . . .     Gourm    .   (no shield)
rNeg     . . .     Faith    .   a - +0 robe
rPois    .         Spirit   .   (helmet restricted)
rElec    .         Reflect  .   (no cloak)
rCorr    .         Harm     .   (gloves unavailable)
MR       .....                  (boots unavailable)
Stlth    +.........             i - amulet of regeneration
HPRegen  0.60/turn              (no ring)
MPRegen  0.11/turn              (no ring)

@: no status effects
A: large, unfitting armour, tough skin 1
a: no special abilities


You were on level 4 of the Dungeon.
You were not hungry.

You visited 1 branch of the dungeon, and saw 4 of its levels.

You collected 50 gold pieces.

Inventory:

Hand Weapons
 l - a +0 mace
 v - a +0 trident (weapon)
Missiles
 c - 3 tomahawks
 d - a throwing net
 e - 53 stones
 h - 20 poisoned needles
 x - a large rock (quivered)
Armour
 a - a +0 robe (worn)
Jewellery
 i - an amulet of regeneration (around neck)
 s - an uncursed ring of wizardry {unknown}
Scrolls
 j - 2 scrolls of fear {!r, unknown}
 k - 2 scrolls of teleportation {!r}
 m - a scroll of random uselessness {!r, unknown}
 o - a scroll of identify {!r, unknown}
 p - 2 scrolls of enchant armour {!r, unknown}
 r - a scroll of immolation {!r, unknown}
Potions
 n - a potion of heal wounds {!q, unknown}
 q - a potion of curing {!q, unknown}
 t - a potion of lignification {!q, unknown}
 u - a potion of flight {!q, unknown}
Books
 b - a book of Debilitation

   Spells                             Type                      Level
   a - Corona                         Hexes                        1
   b - Slow                           Hexes                        2
   c - Inner Flame                    Hexes/Fire                   3
   d - Portal Projectile              Hexes/Translocation          3
   e - Cause Fear                     Hexes                        4
   f - Leda's Liquefaction            Hexes/Earth                  4
Comestibles
 f - 3 bread rations
 g - 7 chunks of flesh
 w - a meat ration


   Skills:
 + Level 4.2 Fighting
 * Level 5.0 Throwing
 - Level 1.7 Dodging
 - Level 2.0 Spellcasting
 - Level 3.0 Hexes


You had 6 spell levels left.
You knew the following spells:

 Your Spells              Type           Power        Failure   Level  Hunger
a - Corona                Hex            ##.....      6%          1    #......
e - Slow                  Hex            ##......     10%         2    ###....


Dungeon Overview and Level Annotations

Branches:
Dungeon (4/15)
 Temple: D:4-7

Altars:

Annotations:
D:3 Sigmund
D:4 1 exclusion, Dowan


Innate Abilities, Weirdness & Mutations

You are too large for most types of armour.
You have tough skin. (AC +1)


Message History

This raw flesh tastes terrible.
There is a stone staircase leading up here.
There is a stone staircase leading up here.
Magic restored.
HP restored.
Dowan, Brother of Duvessa comes into view.
He is wielding a dagger of venom.
Found a blue potion.
Dowan is nearby!
Unknown command.
You see here 12 gold pieces.
Key pressed, stopping explore.
Found a stone staircase leading down.
An ogre comes into view. It is wielding a giant club.
The ogre shouts!
An adder skeleton comes into view.
There are monsters nearby!
Throwing (i - inventory. (,) - cycle):
x - 3 large rocks (quivered)
Press: ? - help, Shift-Dir - straight line, f - ogre
Aim: an ogre, wielding a giant club You throw a large rock.
The large rock hits the ogre!
The ogre is heavily wounded.
Attack whom?
Press: ? - help, Dir - move target cursor, f - adder skeleton, p - ogre
Aim: an adder skeleton You reach to attack!
You hit the adder skeleton.
The adder skeleton is lightly damaged.
You closely miss the adder skeleton.
The adder skeleton is lightly damaged.
The adder skeleton bites you. x2
You puncture the adder skeleton!
The adder skeleton is severely damaged.
The adder skeleton bites you but does no damage.
You hit the adder skeleton.
You destroy the adder skeleton!
Your Throwing skill increases to level 5!
The ogre hits you with a giant club.
Casting: Corona
Confirm with . or Enter, or press ? or * to list all spells.
Aiming: Corona
Press: ? - help, Shift-Dir - straight line, f - ogre
Aim: an ogre, wielding a giant club (heavily wounded, chance to defeat MR: 46%)
The ogre resists with significant effort.
Casting: Corona
Confirm with . or Enter, or press ? or * to list all spells.
Aiming: Corona
Press: ? - help, Shift-Dir - straight line, f/p - ogre
Aim: an ogre, wielding a giant club (heavily wounded, chance to defeat MR: 46%)
The ogre resists with significant effort.
The ogre hits you with a giant club!!
* * * LOW HITPOINT WARNING * * *
Casting: Corona
Confirm with . or Enter, or press ? or * to list all spells.
Aiming: Corona
Press: ? - help, Shift-Dir - straight line, f/p - ogre
Aim: an ogre, wielding a giant club (heavily wounded, chance to defeat MR: 46%)
The ogre is outlined in light.
The ogre hits you with a giant club!
* * * LOW HITPOINT WARNING * * *
Throwing (i - inventory. (,) - cycle):
x - 2 large rocks (quivered)
Press: ? - help, Shift-Dir - straight line, f/p - ogre
Aim: an ogre, wielding a giant club (moderately wounded, softly glowing)
You throw a large rock. The large rock hits the ogre.
The ogre is severely wounded.
The ogre hits you with a giant club!!
You die...

.... .....
.(... ## ......
##.## #....>.
##...###.......
##...###..# ##
##...##.O###
#.####....#.@##
#..........##
#......##..##
##....###...#
#..###
##..##### #.##
##..##.# #.#
##...## #.#
##..## #.#
##..# ##


You could see an ogre.

Vanquished Creatures
  Natasha (thrice) (D:3)
  A worker ant (D:2)
  6 adders
  An adder skeleton (D:4)
  A worm (D:3)
  3 dart slugs (D:1)
  3 leopard geckos
  7 orcs
  7 bats
  7 giant cockroaches
  12 goblins
  11 hobgoblins
  3 jackals (D:3)
  A quokka (D:2)
  3 ball pythons
  5 frilled lizards
  3 kobolds
  7 rats
84 creatures vanquished.

Notes
Turn   | Place    | Note
-------+----------+-------------------------------------------
     0 | D:1      | Amnesiac the Ogre Arcane Marksman began the quest for the Orb.
     0 | D:1      | Reached XP level 1. HP: 19/19 MP: 2/2
   210 | D:1      | Reached XP level 2. HP: 8/28 MP: 2/4
   214 | D:1      | Learned a level 2 spell: Slow
   830 | D:1      | Reached XP level 3. HP: 26/35 MP: 1/5
  1298 | D:2      | Reached skill level 3 in Throwing
  1342 | D:2      | Reached XP level 4. HP: 32/44 MP: 3/7
  1748 | D:2      | Reached XP level 5. HP: 51/53 MP: 5/8
  1998 | D:3      | Reached skill level 4 in Throwing
  2073 | D:3      | Noticed Natasha
  2085 | D:3      | Killed Natasha
  2136 | D:3      | Noticed Natasha
  2140 | D:3      | Killed Natasha
  2162 | D:3      | Noticed Natasha
  2175 | D:3      | Killed Natasha
  2279 | D:3      | Reached XP level 6. HP: 29/62 MP: 5/9
  2402 | D:3      | Noticed Sigmund
  2549 | D:4      | Noticed Dowan
  2610 | D:4      | Reached skill level 5 in Throwing
  2614 | D:4      | Mangled by an ogre

Vault maps used:
D:1:      minmay_arrival_radiant_lines
D:2:      minivault_26
D:3:      uniq_terence, uniq_natasha, uniq_sigmund
D:4:      uniq_duvessa

Skill      XL: |  1  2  3  4  5  6 |
---------------+-------------------+-----
Fighting       | 2 3 4 |  4.2
Hexes          | 3 |  3.0
Spellcasting   | 2 |  2.0
Throwing       | 3 4 5 |  5.0
Dodging        | |  1.7

Action                   |  1- 3 |  4- 6 || total
-------------------------+-------+-------++-------
Melee: Club              |    75 |       ||    75
       Unarmed           |     3 |       ||     3
       Mace              |    51 |    74 ||   125
       Trident           |       |    62 ||    62
Throw: Large rock        |     3 |     7 ||    10
       Stone             |       |    19 ||    19
       Throwing net      |       |     1 ||     1
 Cast: Corona            |    46 |    70 ||   116
  Use: Scroll            |       |     1 ||     1
  Eat: Chunk             |     3 |     6 ||     9
Armor: Robe              |    60 |    40 ||   100
Dodge: Dodged            |    90 |    97 ||   187

Table legend:
 A = Spawn XP
 B = Non-spawn XP
 C = Spawn XP percentage of total XP
 D = Spawn monster count
 E = Non-spawn monster count
 F = Spawn count percentage of total count
 G = Total turns spent on level
                    A         B        C        D         E        F      G
               +---------+---------+-------+---------+---------+-------+---------
         Total |       0 |     366 |   0.0 |       0 |      84 |   0.0 |  2614
               +---------+---------+-------+---------+---------+-------+---------
           D:1 |       0 |      44 |   0.0 |       0 |      22 |   0.0 |  1118
           D:2 |       0 |     123 |   0.0 |       0 |      28 |   0.0 |   819
           D:3 |       0 |     191 |   0.0 |       0 |      32 |   0.0 |   576
           D:4 |       0 |       8 |   0.0 |       0 |       2 |   0.0 |   101
               +---------+---------+-------+---------+---------+-------+---------
